 Dungeon Crawl Stone Soup version 0.25-a0-424-g80bd347ae0 (webtiles) character file.

Game seed: 16395649678521136657, levelgen mode: deterministic

71 kae the Gusty (level 4, 0/33 HPs)
             Began as a Draconian Air Elementalist on Jan 22, 2020.
             Was an Initiate of Ru.
             Succumbed to an adder's poison
             ... on level 2 of the Dungeon.
             The game lasted 00:01:35 (1446 turns).

kae the Gusty (Draconian Air Elementalist)          Turns: 1446, Time: 00:01:35

Health: 0/33       AC:  5    Str: 11    XL:     4   Next: 5%
Magic:  0/7        EV: 17    Int: 16    God:    Ru [......]
Gold:   47         SH:  0    Dex: 16    Spells: 2/8 levels left

rFire    . . .     SeeInvis .   c - +0 whip
rCold    . . .     Gourm    .   (no shield)
rNeg     . . .     Faith    .   (armour unavailable)
rPois    .         Spirit   .   (helmet restricted)
rElec    .         Reflect  .   (no cloak)
rCorr    .         Harm     .   (no gloves)
MR       .....                  (no boots)
Stlth    +++.......             (no amulet)
HPRegen  0.11/turn              (no ring)
MPRegen  0.10/turn              (no ring)

@: agile, lethally poisoned (0 -> -5), hasted, very quick
A: unfitting armour, cold-blooded, AC +5
a: Renounce Religion


You were on level 2 of the Dungeon.
You worshipped Ru.
Ru was noncommittal.
You were hungry.

You visited 1 branch of the dungeon, and saw 2 of its levels.

You collected 47 gold pieces.

Inventory:

Hand Weapons
 c - a +0 whip (weapon)
Missiles
 a - 11 javelins (quivered)
Scrolls
 e - a scroll of amnesia
 f - a scroll of fog {unknown}
Potions
 h - a potion of degeneration
Comestibles
 b - 4 rations
 g - 2 chunks of flesh


   Skills:
 - Level 1.7 Dodging
 - Level 1.7 Stealth
 + Level 2.6 Spellcasting
 + Level 2.0 Conjurations
 * Level 4.1 Air Magic


You had 2 spell levels left.
You knew the following spells:

 Your Spells              Type           Power        Failure   Level  Hunger
a - Shock                 Conj/Air       ##..         5%          1    #......
b - Static Discharge      Conj/Air       ##......     16%         3    ###....
c - Swiftness             Chrm/Air       #.......     13%         2    ##.....

Your spell library contained the following spells:

 Spells                   Type           Power        Failure   Level  Hunger
 Airstrike                Air            ###.......   34%         4    #####..
 Lightning Bolt           Conj/Air       ##........   83%         5    ######.


Dungeon Overview and Level Annotations

Branches:
Dungeon (2/15)

Altars:
Hepliaklqana
Okawaru
Ru


Innate Abilities, Weirdness & Mutations

Your plain brown scales are hard. (AC +5)
You cannot fit into any form of body armour.
You are cold-blooded and may be slowed by cold attacks.


Message History

You feel sick.
You see here a rat corpse.
* * * LOW HITPOINT WARNING * * *
You feel sick.
There is a lethal amount of poison in your body!
There is a lethal amount of poison in your body!
There is a lethal amount of poison in your body!
It was a potion of agility.
You feel agile all of a sudden.
It was a potion of haste.
You feel yourself speed up.
* * * LOW HITPOINT WARNING * * *
You feel sick.
There is a lethal amount of poison in your body!
There is a lethal amount of poison in your body!
There is a lethal amount of poison in your body!
Unknown command.
There is a lethal amount of poison in your body!
There is a lethal amount of poison in your body!
There is a lethal amount of poison in your body!
You die...

.##.......# ###......#
.##.......# #........##
..)†.>.)..# ##..........
..........# #...##...##
<###......# #...#.....#.
##........###....†._....
##....#........#.....#.
#....#####.##.##...##.
########....†.@.......
.#8###8#.#<####.......
...........### #.####.
...........# .#
...........# .
...#8###8### .# ..## ##
# .####### 8#.....# ##


There were no monsters in sight!

Vanquished Creatures
  2 adders (D:2)
  A worm (D:2)
  2 dart slugs
  2 leopard geckos
  2 giant cockroaches
  9 goblins
  6 hobgoblins
  7 kobolds
  3 bats
  3 frilled lizards (D:2)
  6 rats
43 creatures vanquished.

Notes
Turn   | Place    | Note
-------+----------+-------------------------------------------
     0 | D:1      | kae the Draconian Air Elementalist began the quest for the
                  | Orb.
     0 | D:1      | Reached XP level 1. HP: 14/14 MP: 3/3
    77 | D:1      | Reached XP level 2. HP: 15/20 MP: 0/5
   718 | D:2      | Reached XP level 3. HP: 25/26 MP: 3/6
   793 | D:2      | Learned a level 3 spell: Static Discharge
   796 | D:2      | Learned a level 2 spell: Swiftness
   829 | D:2      | Found a hazy altar of Hepliaklqana.
  1276 | D:2      | Found a sacrificial altar of Ru.
  1291 | D:2      | Became a worshipper of Ru the Awakened
  1380 | D:2      | Reached skill level 4 in Air Magic
  1405 | D:2      | Found an iron altar of Okawaru.
  1438 | D:2      | Reached XP level 4. HP: 5/33 MP: 0/7
  1442 | D:2      | HP: 1/33 [poisoned by an adder]
  1446 | D:2      | Succumbed to an adder's poison

Levels and vault maps discovered:
D:1:      ncdulo_halloftheorcs, layout_rooms
D:2:      layout_basic, nicolae_overflow_crystal_walls,
          nicolae_overflow_hidden_temple, first_ration, serial_corexii_hall,
          chequers_hall_statues_wall_a, corexii_hall_statues_x,
          chequers_hall_statues_y, chequers_hall_statues_y,
          corexii_hall_statues_deadend, corexii_hall_statues_deadend,
          okawaru_gym_becter

Skill      XL: |  1  2  3 |
---------------+----------+-----
Air Magic      | 4 |  4.1
Conjurations   | 2 |  2.0
Dodging        | |  1.7
Stealth        | |  1.7
Spellcasting   | |  2.6

Action                   |  1- 3 |  4- 6 || total
-------------------------+-------+-------++-------
Melee: Unarmed           |    12 |       ||    12
       Tailslap          |     5 |       ||     5
       Whip              |    66 |     1 ||    67
Throw: Javelin           |     3 |       ||     3
 Cast: Shock             |    60 |       ||    60
  Use: Scroll            |     3 |       ||     3
       Potion            |       |     2 ||     2
 Stab: Sleeping          |     2 |       ||     2
  Eat: Chunk             |     2 |       ||     2
Armor: Skin              |    40 |       ||    40
Dodge: Dodged            |    73 |       ||    73

Table legend:
 A = Non-vault XP
 B = Vault XP
 C = Vault XP percentage of total XP
 D = Non-vault monster count
 E = Vault monster count
 F = Vault count percentage of total count
                 A         B        C        D         E       F
            +---------+---------+-------+---------+---------+-------
      Total |     102 |       0 |   0.0 |      43 |       0 |   0.0
            +---------+---------+-------+---------+---------+-------
        D:1 |      36 |       0 |   0.0 |      18 |       0 |   0.0
        D:2 |      66 |       0 |   0.0 |      25 |       0 |   0.0
            +---------+---------+-------+---------+---------+-------
